[Event "55th Biel Festival MTO 2022"]
[Site "Biel"]
[Date "2022.07.20"]
[Round "7.33"]
[White "Abdulrahman Mohammad, Al Taher"]
[Black "Kittler Thorsten"]
[Result "1-0"]
[ECO "D36"]
[WhiteElo "2029"]
[BlackElo "2226"]
[Annotator "TA"]
[PlyCount "105"]
[EventDate "2022.07.13"]
[EventType "swiss"]
[EventCountry "SUI"]
[SourceTitle "playchess.com"]
[Source "ChessBase"]
[SourceQuality "1"]
[TimeControl "40/5400+30:1800+30"]

1. d4 d5 2. c4 e6 3. Nc3 Nf6 4. cxd5 exd5 5. Bg5 Be7 6. e3 O-O 7. Bd3 Nbd7 8. Nf3 c6 9. Qc2 Re8 10. O-O h6 11. Bf4 Nf8 12. h3 Bd6 {[%emt 0:04:30] The main line 12...Bd6 scores better than 12...Ne6.} 13. Ne5 Qe7 {[%emt 0:00:17] D36: Queen's Gambit Declined: Exchange Variation: Main line (5 Bg5 c6 6 Qc2).} 14. Bg3 Bxe5 (14... Ne4 $11) 15. Bxe5 $14 {[%emt 0:02:13] [#]} Ne4 $146 {[%emt 0:03:24] White is slightly better.} ({Predecessor:} 15... N8d7 16. Bh2 Ne4 17. Bxe4 dxe4 18. d5 Nf6 19. dxc6 bxc6 20. Rfd1 Ba6 21. Na4 Bd3 {1-0 (42) Gibiec,E (2320)-Blumel,O Bratislava 1989}) 16. b4 Nxc3 17. Qxc3 Nd7 18. Bh2 {[%emt 0:03:04] White is much more active.} Nb6 19. a4 Be6 20. a5 Nc4 21. e4 b5 22. e5 $1 Qd7 23. g4 {[%emt 0:03:26][%cal Bg2g4,Bg4h5][%mdl 32] Against Bf5} h5 (23... Bxg4 $16 {is a better defense.} 24. Bxc4 (24. hxg4 Qxg4+ 25. Bg3 h5 $14) 24... bxc4 25. hxg4 Qxg4+ 26. Kh1 Qf5) 24. f4 $18 {[%emt 0:02:01] aiming for f5.} f5 25. gxh5 Kf7 26. Kf2 Rh8 {[%emt 0:00:35] [#]} 27. Be2 Rag8 (27... Rh6 {was necessary.} 28. Rg1 Rah8) 28. Rg1 g6 29. hxg6+ Rxg6 30. Rxg6 {[%emt 0:00:12] Really sharp!} Kxg6 31. Rg1+ Kf7 32. Qg3 {[%emt 0:00:52] Intending Qg7+ and mate.} Kf8 {[%emt 0:00:01] [#] Inhibits Qg7+.} 33. Bd3 (33. Qd3 $1 $18) 33... Qe7 (33... Nd2 $1 $14) 34. Ke2 {[%emt 0:05:26] White now steadily converts the win.} Rg8 (34... Rh5 $142) 35. Qe1 $16 Rxg1 36. Bxg1 Qh7 (36... Bf7 {might work better.} 37. Kf1 (37. Bxf5 Bh5+ 38. Bg4 Bxg4+ 39. hxg4 Qh7 $16) 37... Qe6) 37. Qg3 $18 Qh5+ 38. Qf3 Qxf3+ 39. Kxf3 {[%emt 0:00:01][%mdl 4096] Endgame KBB-KBN} Nd2+ 40. Kg3 Kg7 41. Be3 Ne4+ 42. Kh4 {[%emt 0:00:55] Strongly threatening Bxe4.} Kh6 $2 (42... Kg6 43. Be2 Bd7) 43. Bxe4 dxe4 {[%emt 0:00:39] KB-KB} 44. d5 $1 cxd5 (44... Bxd5 $18 45. Bxa7 Be6) 45. Bxa7 Bc8 46. Bc5 Kg6 47. Kg3 Kh5 48. Kf2 Kh4 49. Kg2 Kh5 50. Kg3 Kh6 51. Kf2 {[%emt 0:01:15] Threatening mate with Ke3.} Kh5 52. Ke3 Kh4 53. Kd4 {[%emt 0:01:16] Weighted Error Value: White=0.17 (very precise) /Black=0.44} 1-0

[Event "55th Biel Festival MTO 2022"]
[Site "Biel"]
[Date "2022.07.20"]
[Round "7.34"]
[White "Vemparala, Nikash"]
[Black "Dushyant Sharma"]
[Result "0-1"]
[ECO "C45"]
[WhiteElo "2049"]
[BlackElo "2416"]
[Annotator "TA"]
[PlyCount "98"]
[EventDate "2022.07.13"]
[EventType "swiss"]
[EventCountry "SUI"]
[SourceTitle "playchess.com"]
[Source "ChessBase"]
[SourceQuality "1"]
[TimeControl "40/5400+30:1800+30"]

1. e4 e5 2. Nf3 Nc6 3. d4 exd4 4. Nxd4 Qf6 5. Nf3 Bb4+ 6. c3 {[%emt 0:03:14] C45: Scotch Game.} Bc5 7. Bc4 Ne5 {[%emt 0:07:42] [#]} 8. Be2 $146 {[%emt 0:06:24] The position is equal.} ({Predecessor:} 8. Nxe5 Qxf2# {0-1 (8) Reyan,M (1650)-Audi,A (2395) Visakhapatnam 2022}) 8... d6 9. O-O Ne7 10. Nxe5 dxe5 11. a4 a5 12. Qd3 O-O 13. Qg3 (13. Be3 $11 Bxe3 14. Qxe3) 13... Ng6 $15 14. Bg5 Qb6 15. Nd2 f6 (15... Qxb2 $2 16. Rfb1 Qc2 17. Bd1 $18) 16. Nc4 Qc6 17. Be3 Bxe3 18. Qxe3 {[%emt 0:01:28] [#]} Be6 (18... Nf4 $1 $17) 19. Nd2 $11 Rfd8 20. Bb5 Qd6 21. Bc4 $2 (21. Rfd1 $11) 21... Qxd2 $2 (21... Nf4 $19 22. Bd5 Bxd5 23. exd5 Qxd5) 22. Bxe6+ Kh8 (22... Kf8 {is interesting.} 23. Qf3 Qf4 24. Qe2 Qg5) 23. Qxd2 Rxd2 24. Rab1 Nf4 25. Bc4 Rad8 26. g3 Nd3 27. Bxd3 R8xd3 $15 {[%emt 0:00:02][%mdl 4096] Endgame KRR-KRR} 28. b4 axb4 29. Rxb4 Rxc3 (29... b6 $5 ) 30. Rxb7 {[%emt 0:00:09] White wants to mate with Rb8+.} h5 31. Ra1 {[%emt 0:00:13] Against Ra2} Rcc2 32. Rf1 c5 33. Rbb1 (33. a5 $15) 33... Ra2 $17 {[%emt 0:00:31] Black is more active. White is on the road to losing.} 34. Ra1 $2 (34. Rbd1 $17 {was necessary.}) 34... Rxf2 $1 $19 35. Rfc1 $2 (35. Rxa2 Rxa2 36. Rf2 Rxa4 37. Re2) 35... Rg2+ 36. Kf1 Raf2+ 37. Ke1 Rb2 38. Kf1 {[%emt 0:00:12] Prevents Rg1+.} Rxh2 39. Kg1 {[%emt 0:00:04] Prevents Rh1+.} Rbg2+ 40. Kf1 Rb2 (40... Rxg3 $142 41. Rxc5 h4 42. Rc8+ Kh7) 41. Kg1 Rbg2+ (41... Rhg2+ $142 42. Kh1 Rh2+ 43. Kg1) 42. Kf1 Rxg3 {[%emt 0:00:17] ( -> ...h4). Black is clearly winning.} 43. a5 Rh1+ 44. Kf2 {[%emt 0:00:00] [#]} Rxc1 $1 45. Rxc1 Ra3 {[%emt 0:00:03] Threatens to win with ...g5.} 46. Rxc5 Kh7 47. Ke2 h4 48. Kd2 h3 49. Rc1 Rxa5 {[%emt 0:00:09] Weighted Error Value: White=0.68/Black=0.37} 0-1

[Event "55th Biel Festival MTO 2022"]
[Site "Biel"]
[Date "2022.07.20"]
[Round "7.35"]
[White "Sadeghi, Hassan Roger"]
[Black "Bewersdorff Oliver"]
[Result "1/2-1/2"]
[ECO "C56"]
[WhiteElo "2068"]
[BlackElo "2280"]
[Annotator "TA"]
[PlyCount "51"]
[EventDate "2022.07.13"]
[EventType "swiss"]
[EventCountry "SUI"]
[SourceTitle "playchess.com"]
[Source "ChessBase"]
[SourceQuality "1"]
[TimeControl "40/5400+30:1800+30"]

1. e4 e5 2. Nf3 Nc6 3. Bc4 Nf6 4. d4 exd4 5. e5 d5 6. Bb5 Ne4 7. Nxd4 Bc5 8. Be3 Bxd4 9. Qxd4 O-O 10. Bxc6 bxc6 11. Nc3 Ng5 12. O-O-O Ne6 {[%emt 0:05:05] C56: Two Knights: 4 d4 exd4 5 0-0 Nxe4.} 13. Qa4 Bd7 14. Qa3 {[%emt 0:00:25] Prevents c5.} (14. Qa5 $5 ) 14... f6 15. exf6 Qxf6 16. Ne2 {[%emt 0:05:03] [#] Prevents d4.} Rfe8 $146 ({Predecessor:} 16... Be8 17. Nd4 Nxd4 18. Bxd4 Qg5+ 19. Qe3 Qxe3+ 20. Bxe3 Bh5 21. f3 Rfe8 22. Rhe1 a6 {½-½ (77) Vuckovic,Z (2258)-Stelmaszyk,N (2194) Braunschweig 2019}) 17. Rhe1 Qg6 18. Qd3 (18. g3 $14) 18... Qxg2 $11 19. Rg1 Qh3 (19... Qxh2 $2 20. Rh1 Qd6 21. Qxh7+ Kf7 22. Rdg1 $16) 20. Rg3 Qh4 {[%emt 0:01:47] [#]} ({Much less strong is} 20... Qxh2 21. Rdg1 Re7 22. Nd4 $16) (20... Qh5 $1 $11) 21. Rdg1 {[%emt 0:03:13] White is more active.} ({White should play} 21. f4 $1 $16 ) 21... Re7 {[%emt 0:01:11] [#]} (21... Qxh2 $2 22. Nf4 $18) (21... Qc4 $14) 22. Nd4 $2 (22. f4 $1 $18 ) 22... Nf4 (22... Qxh2 $2 23. Nxe6 Bxe6 24. Qc3 Qxg1+ 25. Rxg1 $18) 23. Qd2 {[%emt 0:00:42][%mdl 1024] White has compensation.} Nh3 24. Rd1 a5 25. Qc3 Qf6 {[%emt 0:03:15] [#]} 26. Nxc6 $1 {[%emt 0:04:07] Weighted Error Value: White=0.31/Black=0.36} 1/2-1/2

[Event "55th Biel Festival MTO 2022"]
[Site "Biel"]
[Date "2022.07.20"]
[Round "7.36"]
[White "Nideroest Bruno"]
[Black "Acikel Mert"]
[Result "1/2-1/2"]
[ECO "E05"]
[WhiteElo "2258"]
[BlackElo "2172"]
[Annotator "TA"]
[PlyCount "129"]
[EventDate "2022.07.13"]
[EventType "swiss"]
[EventCountry "SUI"]
[SourceTitle "playchess.com"]
[Source "ChessBase"]
[SourceQuality "1"]
[TimeControl "40/5400+30:1800+30"]

1. d4 d5 2. c4 e6 3. Nf3 Nf6 4. g3 Be7 5. Bg2 O-O 6. O-O dxc4 7. Qc2 b5 8. a4 {[%emt 0:00:08] E05: Open Catalan: 5 Nf3 Be7.} Bb7 9. axb5 a6 10. Nc3 {[%emt 0:01:54] Inhibits Be4. White has an edge.} axb5 11. Rxa8 Bxa8 12. Nxb5 Bd5 13. Rd1 c5 {[%emt 0:07:31] [#]} 14. Nc3 $146 {[%emt 0:18:18] next e4 is good for White.} ({Predecessor:} 14. dxc5 Qa5 15. Nfd4 Bxc5 16. Bxd5 exd5 17. b3 Rc8 18. bxc4 Bxd4 19. Nxd4 Rxc4 20. Qb1 {1-0 (48) Fedoseev,V (2704)-Oparin,G (2681) Berlin 2022}) 14... Bb7 ({Don't do} 14... Bxf3 15. dxc5 Nbd7 16. Bxf3 (16. exf3 Bxc5 17. Na4 Qc8 $14) 16... Bxc5 17. Ne4 $16) 15. Qa4 Qb6 16. Qxc4 Ba6 17. Qa4 {[%emt 0:09:10] White is more active.} (17. Qa2 $5 ) 17... Nc6 ({Black should play} 17... cxd4 $14 18. Nxd4 (18. Qxd4 Bc5 $15) 18... Bc5) 18. Be3 $16 {[%emt 0:05:21] [#] Strongly threatening dxc5.} Nb4 19. dxc5 Bxc5 20. Bxc5 Qxc5 21. Nd4 h6 22. Na2 Rb8 {[%emt 0:08:05] [#]} (22... Nxa2 $142 23. Qxa6 (23. Qxa2 Qb6 $14) 23... Rd8) 23. Nxb4 $1 Rxb4 24. Qxa6 Rxd4 25. Rxd4 Qxd4 {[%emt 0:00:08][%mdl 4096] Endgame KQB-KQN} 26. Qc8+ Kh7 27. Qc2+ g6 28. e3 Qd6 29. Bf3 h5 (29... Qb4 $16 30. b3 Kg8) 30. Qc3 $18 Nd7 31. Qd4 Qc7 32. Qc3 $2 (32. b4 $18) 32... Qb8 $2 (32... Qd6 $1 $11 {and Black is okay.}) 33. h4 Ne5 34. Bg2 Qd6 35. Qd4 {[%emt 0:00:21] Inhibits Qd1+.} Qc7 {[%emt 0:00:08] ...Qc1+ is the strong threat.} 36. Qc3 {[%emt 0:00:28] Inhibits Qc1+.} Qd6 37. Qc2 Qb4 38. Qc3 Qd6 39. Qc2 Qb4 $1 40. Ba8 Nc4 41. Bf3 Nxb2 42. Bxh5 $1 Nc4 43. Be2 Ne5 44. h5 Kg7 45. f4 Qe1+ 46. Kg2 Nd7 47. hxg6 fxg6 (47... f5 $142) 48. Qd1 (48. Qd3 $142 Nf6 49. e4) 48... Qxd1 $16 49. Bxd1 {[%emt 0:00:30] KB-KN} Kf6 50. Bg4 (50. Kf3 $16) 50... Nc5 $14 51. Bd1 g5 52. Kf3 gxf4 53. Kxf4 Nd3+ 54. Kf3 Ke5 55. Be2 Nc5 56. Bb5 Kf5 57. Bc6 e5 58. Bd5 Nd7 59. g4+ Kg5 {[%emt 0:00:01] The position is equal.} 60. Kg3 Nf6 61. Be6 e4 62. Bf5 Nd5 63. Kf2 Nf6 64. Kg3 Nd5 65. Kf2 {[%emt 0:00:18] Blacks defense is rewarded with a draw.  Weighted Error Value: White=0.20 (precise) /Black=0.15 (very precise)} 1/2-1/2

[Event "55th Biel Festival MTO 2022"]
[Site "Biel"]
[Date "2022.07.20"]
[Round "7.37"]
[White "Dauth Benjamin"]
[Black "Louis Thibault"]
[Result "0-1"]
[ECO "C20"]
[WhiteElo "2243"]
[BlackElo "2140"]
[Annotator "TA"]
[PlyCount "100"]
[EventDate "2022.07.13"]
[EventType "swiss"]
[EventCountry "SUI"]
[SourceTitle "playchess.com"]
[Source "ChessBase"]
[SourceQuality "1"]
[TimeControl "40/5400+30:1800+30"]

1. e4 e5 2. Qh5 d6 3. Bc4 g6 4. Qf3 Nf6 5. d3 Bg7 6. Nc3 {[%emt 0:00:38] C20: 1 e4 e5: Unusual White second moves.} c6 7. a4 {[%emt 0:00:45] [#] Against b5} O-O $146 ({Predecessor:} 7... Be6 8. Bxe6 fxe6 9. Qh3 Qe7 10. Nf3 Nbd7 11. Bh6 O-O 12. Bxg7 Kxg7 13. d4 exd4 14. Nxd4 {½-½ (45) Sarkar,J (2349)-Kuhn,T (2234) Arco 2019}) 8. Nge2 {[%emt 0:00:32] Black has an edge.} Nbd7 9. O-O Nc5 10. h3 b6 11. Bg5 (11. b4 $5 Ne6 12. b5 $11) 11... h6 12. Bc1 (12. Bxf6 $14 Bxf6 13. b4) 12... Bb7 13. b4 Ne6 14. b5 c5 15. Rb1 Kh7 16. Bb3 Rc8 17. Be3 (17. Bd2 $11) 17... Nd4 $17 18. Bxd4 cxd4 19. Na2 d5 20. exd5 Bxd5 21. Bxd5 Qxd5 (21... Nxd5 $17 22. Rbc1 f5) 22. Qxd5 Nxd5 {[%emt 0:00:01] Black converts the advantage convincingly.} 23. Rfc1 Rfd8 {[%emt 0:01:34] 0x0.0013ba76a987dp-1022s more active pieces.} 24. Kf1 (24. Nb4 $17) 24... h5 $19 25. c4 dxc3 $1 26. Nexc3 Nxc3 27. Rxc3 Rxc3 28. Nxc3 Rxd3 {[%emt 0:00:07][%mdl 4096] Endgame KRB-KRN} 29. Ne4 (29. Rc1 $142) 29... Kh6 ({Inferior is} 29... f5 30. Ng5+ Kh8 31. Rc1 $11) 30. h4 Rd4 31. f3 (31. Ng5 {was called for.} Bf6 32. Rc1 Bxg5 33. hxg5+ Kxg5 34. Rc7) 31... f5 32. Ng5 Bf6 33. Ne6 Rxh4 34. Ke2 Rxa4 35. Rd1 a6 36. Rd6 Ra2+ 37. Kf1 axb5 {[%emt 0:00:13] ...e4 is the strong threat.} 38. Rxb6 Ra1+ 39. Kf2 Ra2+ $2 (39... Bh4+ $19 40. Ke3 Re1+ 41. Kd3 e4+ 42. Kd2 exf3 43. gxf3 Bf2) 40. Kg3 $2 (40. Kf1 $11 Ra1+ 41. Kf2) 40... h4+ 41. Kh3 Ra1 {[%emt 0:02:13][%cal Ra1h1] [#]} 42. Kh2 {[%emt 0:00:00] Against Rh1+} Rb1 43. Nf8 Kg7 {[%emt 0:01:39] White must now prevent ...e4.} 44. Ne6+ Kf7 45. Nc5 Bg5 46. Rb7+ Kg8 {[%emt 0:00:26] ( -> ...Bf4+)} 47. g3 {[%emt 0:00:00] Inhibits Bf4.} Rb2+ {[%emt 0:01:14] Black mates.} 48. Kh3 hxg3 49. Nd3 g2 50. Kh2 {[%emt 0:00:00] [#]} Be3 $1 {[%emt 0:00:21] Weighted Error Value: White=0.70/Black=0.41} 0-1

[Event "55th Biel Festival MTO 2022"]
[Site "Biel"]
[Date "2022.07.20"]
[Round "7.38"]
[White "Collin Moritz Valentin"]
[Black "Aaron Deepak"]
[Result "0-1"]
[ECO "A90"]
[WhiteElo "2129"]
[BlackElo "2221"]
[Annotator "TA"]
[PlyCount "52"]
[EventDate "2022.07.13"]
[EventType "swiss"]
[EventCountry "SUI"]
[SourceTitle "playchess.com"]
[Source "ChessBase"]
[SourceQuality "1"]
[TimeControl "40/5400+30:1800+30"]

1. d4 e6 2. c4 f5 3. Nf3 Nf6 4. g3 Bb4+ 5. Nbd2 O-O 6. Bg2 d5 7. O-O c6 8. Qc2 Bd6 {[%emt 0:00:48] A90: Dutch Defence: Miscellaneous and Modern Stonewall (with ...Bd6).} 9. Ne1 {[%emt 0:10:26] [#]} f4 $146 (9... b6 $11) ({Predecessor:} 9... Ne4 10. Nd3 Nd7 11. Nf3 g5 12. c5 Bc7 13. Nfe5 Nxe5 14. dxe5 b6 15. b4 bxc5 16. bxc5 {½-½ (32) Shishkin,V (2391)-Melnikov,D (2286) St Petersburg 2002}) 10. Nd3 $16 fxg3 {[%emt 0:01:18] White is slightly better.} 11. hxg3 Qe8 12. Bf3 (12. Re1 $16) 12... Nbd7 $11 13. e4 {[%emt 0:08:13] Threatens to win with e5.} e5 14. cxd5 cxd5 15. dxe5 (15. Re1 $11 {keeps the balance.} exd4 16. Qb3 (16. exd5 Qg6 $11)) 15... Nxe5 $17 16. Nxe5 Bxe5 17. exd5 {[%emt 0:01:53] [#]} (17. Qb3 $17) 17... Bg4 $2 (17... Ng4 $1 $19 {White must now prevent ...Qh5.} 18. d6 Qh5 19. Bxg4 Bxg4 20. Qc4+ Rf7) 18. Bg2 Qh5 {[%emt 0:06:34] aiming for ...Be2.} 19. Ne4 Nxe4 ({Reject} 19... Nxd5 20. Qc5 Nf6 21. Nxf6+ Bxf6 22. Qxh5 Bxh5 23. Be3 $11 (23. Bxb7 Rad8 $11)) 20. Qxe4 Bd6 $1 21. Bd2 ({Better is} 21. Be3 $15) 21... Rae8 22. Qd4 {[%emt 0:01:25] [#]} (22. Qc4 $142) 22... Re2 $1 $40 {[%emt 0:09:14][%mdl 128] Black goes for the king.} 23. Bc3 $2 {[%emt 0:04:37][%mdl 8192] Now White is beyond hope.} (23. Bf4 $17 {nothing else works.} Bxf4 24. gxf4) 23... Rf6 $19 {[%emt 0:02:42][%cal Od6g3] ( -> ...Bxg3!)} 24. Qxa7 (24. Qd3 $19 Rh6 25. Rfe1) 24... Rh6 {[%emt 0:02:32][%csl Gh6][%cal Rh5h2] Black mates.} 25. Rfe1 Bf3 26. Qa8+ Bf8 {[%emt 0:00:11] Weighted Error Value: White=0.88/Black=0.20 (precise)} 0-1

[Event "55th Biel Festival MTO 2022"]
[Site "Biel"]
[Date "2022.07.21"]
[Round "8.1"]
[White "Visakh N R"]
[Black "Alekseenko, Kirill"]
[Result "1/2-1/2"]
[ECO "E35"]
[WhiteElo "2503"]
[BlackElo "2708"]
[Annotator "TA"]
[PlyCount "93"]
[EventDate "2022.07.13"]
[EventType "swiss"]
[EventCountry "SUI"]
[SourceTitle "playchess.com"]
[Source "ChessBase"]
[SourceQuality "1"]
[TimeControl "40/5400+30:1800+30"]

1. d4 Nf6 2. c4 e6 3. Nc3 Bb4 4. Qc2 d5 5. cxd5 exd5 6. Bg5 h6 7. Bh4 $1 {[%emt 0:00:07] The main line 7.Bh4 scores better than 7.Bxf6.} Nc6 {[%emt 0:01:37] E35: Nimzo-Indian: Classical: 4...d5 5 cxd5 exd5.} 8. e3 g5 9. Bg3 h5 10. Bb5 h4 11. Be5 O-O 12. Bxc6 bxc6 13. Nge2 Ng4 {[%emt 0:45:49] [#]} 14. h3 $146 ({Predecessor:} 14. a3 Be7 15. h3 Nxe5 16. dxe5 c5 17. O-O-O c6 18. f4 Qd7 19. g3 f5 20. gxh4 gxh4 {1-0 (28) Potapova,M (2257)-Rozman,L (2337) Chess.com INT 2021}) 14... Nxe5 15. dxe5 Qe7 16. a3 Ba5 17. O-O Qxe5 18. Nd4 Bd7 19. Na4 {[%emt 0:00:28] Pair of Knights!} Bb6 20. Nc5 Bxc5 21. Qxc5 Qd6 22. Rac1 Qxc5 23. Rxc5 Rfb8 24. b4 (24. e4 $16) 24... Rb6 (24... a5 $11 {remains equal.}) 25. e4 dxe4 26. Rxg5+ Kh7 27. Re1 ({White should try} 27. Re5) 27... Re8 $16 28. Re3 Kh6 {[%emt 0:02:48] Inhibits Rh5+.} 29. Ra5 a6 30. f3 exf3 (30... c5 $1 $14 31. Rxc5 Rd6 32. Nf5+ Bxf5 33. Rxf5 Rd1+ 34. Kf2 (34. Kh2 Rd3 $14) 34... Rd2+ 35. Re2 e3+ 36. Ke1 Red8 37. Rxd2 (37. Rxe3 Kg6 $14) 37... Rxd2) 31. Rxf3 (31. Rxe8 $16 Bxe8 32. Nxf3) 31... Re4 {[%emt 0:00:47] [#]} 32. Nb3 Kg6 33. Nc5 Rd4 34. Nxa6 Rb5 35. Nc5 Be6 36. Ra8 Bd5 37. Rf2 Kg7 38. Kh2 Rc4 39. Rd2 {[%emt 0:06:09] White is more active.} Rc1 40. Rd4 f5 {[%emt 0:00:25] Against Rg4+} 41. Rd2 ({White should play} 41. a4 $16 Rb6 42. a5 (42. Rxh4 Rc2 $11)) 41... Ra1 $11 {[%emt 0:08:57] The position is equal.} 42. Ra7 Kh6 43. Ra6 Rb6 44. b5 Rxa6 (44... Bc4 $2 45. Rxb6 Bxb5 46. Rb7 $18) 45. Nxa6 ({Of course not} 45. bxa6 Rxa3 46. Rd4 Ra2 $15) 45... Bc4 46. Nxc7 {[%emt 0:00:00] [#] b6 is the strong threat.} cxb5 47. Rb2 {[%emt 0:00:00] Weighted Error Value: White=0.12 (very precise) /Black=0.10 (very precise)} 1/2-1/2

[Event "55th Biel Festival MTO 2022"]
[Site "Biel"]
[Date "2022.07.21"]
[Round "8.2"]
[White "Muradli, Mahammad"]
[Black "Motylev, Alexander"]
[Result "1-0"]
[ECO "D43"]
[WhiteElo "2523"]
[BlackElo "2632"]
[Annotator "RC"]
[PlyCount "147"]
[EventDate "2022.07.13"]
[EventType "swiss"]
[EventCountry "SUI"]
[SourceTitle "playchess.com"]
[Source "ChessBase"]
[SourceQuality "1"]
[TimeControl "40/5400+30:1800+30"]

1. d4 Nf6 2. c4 e6 3. Nf3 d5 4. Nc3 c6 5. Bg5 h6 6. Bxf6 Qxf6 7. e3 g6 8. Bd3 Bg7 9. O-O O-O 10. e4 dxc4 11. e5 Qe7 12. Bxc4 Nd7 13. Re1 Rd8 14. Qc2 Nb6 15. Ne4 Nd5 16. Bb3 b6 17. Qxc6 Bb7 18. Qc2 Nb4 19. Qd2 Nc6 20. Nd6 Na5 21. Nxb7 Qxb7 22. Bc2 Rac8 23. Be4 Qd7 24. h4 Qb5 25. b3 Nc6 26. Rac1 Ne7 27. Rxc8 Rxc8 28. Rc1 Rxc1+ 29. Qxc1 Qe2 30. Qb1 Qb5 31. Qc2 Qd7 32. g3 Bf8 33. Kg2 Nd5 34. a4 a6 35. Nd2 Nb4 36. Qc3 Na2 37. Qe3 Nb4 38. h5 gxh5 39. Qf4 Qd8 40. Nf3 Bg7 41. Qc1 Qd7 42. Kh3 Qd8 43. Kh2 Bf8 44. Kg2 Qd7 45. Qe3 Kg7 46. Ng1 Be7 47. Ne2 Bg5 48. Qf3 h4 49. gxh4 Bxh4 50. Qg4+ Bg5 51. f4 Nd5 52. Bxd5 Qxd5+ 53. Kf2 Qe4 54. Qg3 Qf5 55. Ke3 Qc2 56. fxg5 Qxb3+ 57. Kf2 Qxg3+ 58. Kxg3 hxg5 59. Kg4 f6 60. Kh5 b5 61. a5 b4 62. Nc1 Kf7 63. Nb3 Ke7 64. Nc5 Kf7 65. exf6 Kxf6 66. Nxa6 b3 67. Nc5 b2 68. Ne4+ Kf5 69. Nd2 g4 70. a6 g3 71. a7 b1=Q 72. Nxb1 g2 73. a8=Q g1=Q 74. Qf3# 1-0

[Event "55th Biel Festival MTO 2022"]
[Site "Biel"]
[Date "2022.07.21"]
[Round "8.3"]
[White "Fedoseev Vladimir"]
[Black "Erdos Viktor"]
[Result "1/2-1/2"]
[ECO "D87"]
[WhiteElo "2686"]
[BlackElo "2586"]
[Annotator "TA"]
[PlyCount "59"]
[EventDate "2022.07.13"]
[EventType "swiss"]
[EventCountry "SUI"]
[SourceTitle "playchess.com"]
[Source "ChessBase"]
[SourceQuality "1"]
[TimeControl "40/5400+30:1800+30"]

1. d4 Nf6 2. c4 g6 3. Nc3 d5 4. cxd5 Nxd5 5. e4 Nxc3 6. bxc3 Bg7 7. Bc4 c5 8. Ne2 Nc6 9. Be3 O-O 10. O-O b6 11. Rc1 {[%emt 0:00:41] D87: Exchange Grünfeld: Classical Line: Variations without ...cxd4.} Bb7 12. Bb5 $1 {[%emt 0:00:01][%mdl 4] is now more promising than 12.Qd2.} Rc8 13. Bxc6 {[%emt 0:00:12] The position is equal.} Bxc6 14. d5 Bd7 15. Qd2 e6 {[%emt 0:01:34] [#]} 16. Nf4 $146 ({Predecessor:} 16. Rfe1 Re8 17. Bg5 Qc7 18. h4 exd5 19. exd5 Qd6 20. Ng3 f5 21. Bf4 Qf6 22. Nf1 Rxe1 23. Rxe1 Qxc3 24. Qxc3 Bxc3 {½-½ (32) Tauber,H (2514)-Bokar,J (2527) ICCF email 2019}) 16... Re8 17. Rfe1 e5 18. Nd3 c4 19. Nb4 a5 20. Nc2 b5 21. Rb1 Bf8 22. f4 Bd6 23. fxe5 Bxe5 {[%emt 0:00:36] [#] aiming for ...Qh4.} 24. Bd4 Qh4 25. g3 Qe7 26. Bxe5 Qxe5 27. Nd4 b4 28. cxb4 c3 29. Qd3 f5 {[%emt 0:03:02][%cal Rf5e4][%mdl 1024] Black has compensation.} 30. Nc6 $1 {[%emt 0:10:46] Weighted Error Value: White=0.06 (flawless) /Black=0.04 (flawless)} ({Much weaker is} 30. bxa5 fxe4 31. Qe3 Qxd5 $17) 1/2-1/2

[Event "55th Biel Festival MTO 2022"]
[Site "Biel"]
[Date "2022.07.21"]
[Round "8.4"]
[White "Sargsyan Shant"]
[Black "Bharath Subramaniyam H"]
[Result "1-0"]
[ECO "D50"]
[WhiteElo "2661"]
[BlackElo "2479"]
[Annotator "ChessBase"]
[PlyCount "79"]
[EventDate "2022.07.13"]
[EventType "swiss"]
[EventCountry "SUI"]
[SourceTitle "playchess.com"]
[Source "ChessBase"]
[SourceQuality "1"]
[TimeControl "40/5400+30:1800+30"]

1. d4 d5 2. c4 e6 3. Nf3 Nf6 4. Nc3 c5 5. cxd5 cxd4 6. Qxd4 exd5 7. Bg5 Be7 8. e3 O-O 9. Bb5 h6 10. Bh4 Nc6 11. Qa4 Ne4 12. Bxe7 Nxe7 13. Rc1 Qb6 14. O-O Nxc3 15. Rxc3 Bf5 16. Nd4 Be4 17. Bd7 Rfd8 18. b3 Ng6 19. Bh3 Ne5 20. f3 Bh7 21. Rd1 Rd6 22. Qb5 Rad8 23. Qxb6 Rxb6 24. Rc7 Kf8 25. Bc8 Ra6 26. Rd2 Bb1 27. a4 Bh7 28. Bxb7 Rb6 29. a5 Rbd6 30. Nb5 R6d7 31. Rxd7 Rxd7 32. Bc8 Re7 33. Rxd5 Nc6 34. e4 f5 35. Bxf5 Bg8 36. Rc5 Nxa5 37. b4 Nb3 38. Rc8+ Re8 39. Nxa7 Nd4 40. b5 1-0